 BcadrenCrawl: Boulder Brew version 0.04.2-20-g1dbc4a6302 (webtiles) character file.

Game seed: 2260256087466253087, levelgen mode: deterministic

265742 st0uf the Brawler (level 19, -2/230 HPs) Purple Draconian Transmuter. Began on May 24, 2021. Was the Champion of Bahamut & Tiamat. Slain by a +2 halberd of freezing (8 damage) ... on level 1 of the Elven Halls. The game lasted 03:45:51 (27475 turns).

st0uf the Brawler (Purple Draconian Transmuter)    Turns: 27475, Time: 03:45:51

Health: -2/230     AC: 26    Str: 17    XL:     19 ^: 67745
Magic:  0/37       EV: 33    Int: 17    God:    Bahamut & Tiamat [6* [197]]
Gold:   2334       SH: 10    Dex: 12    Spells: 15/46 levels left

rFire    + . .     Vision   .   u - +1 heater shield {rC+ rF+}
rCold    + . .     Gourm    .     - Unarmed
rNeg     + + .     Faith    .   (armour unavailable)
rPois    ∞         Spirit   +   g - +2 hat of the Bear Spirit {Spirit, +Rage rN+ MR++}
rElec    +         Reflect  .   s - scarf {cloud immunity}
rCorr    .         Harm     .   (gloves currently unavailable)
MR       +++++                  (boots currently unavailable)
Stlth    ++........             a - amulet of the acrobat
HPRegen  0.86/turn              e - ring of slaying
MPRegen  0.47/turn              p - ring of wizardry

@: short of breath, statue-form (expiring), acrobat, studying 4 skills, very
slow
A: (no body armour), unfitting armour, big wings, electricity resistance,
cold-blooded, boosted unarmed combat aptitude, strongly boosted maces & staves
aptitude, boosted dodging aptitude, hexes enhancer 2, MR++, AC +11
}: 2/15 runes: decaying, serpentine
a: Fly, End Transformation, Enhanced Breath, Drake Mount, Change Draconian
Colour, Renounce Religion, Breathe Metal Splinters, Evoke Berserk Rage


You were on level 1 of the Elven Halls.
You worshipped Bahamut & Tiamat.
Bahamut & Tiamat was exalted by your worship.
You were hungry.
You were a stone statue.
You visited 7 branches of the dungeon, and saw 26 of its levels.
You visited the Abyss 1 time.
You also visited: Volcano.

You collected 3311 gold pieces.
You spent 977 gold pieces at shops.

Inventory:

Shields
 u - a +1 heater shield of resistance (shield)
 L - a +2 heater shield of reflection
 W - the +11 buckler of the Merchant {rF+}
   (You found it on level 5 of the Lair of Beasts)

   Base shield rating: 3 Skill to remove penalty: 4.0 It protects you from fire.
Armour
 g - the +2 hat of the Bear Spirit (worn) {Spirit, +Rage rN+ MR++}
   (You bought it in a shop on level 2 of the Orcish Mines)

   It protects you from negative energy.
   It affects your resistance to hostile enchantments.
   It lets you go berserk.
 m - a +0 pair of boots (melded)
 s - a scarf of cloud immunity (worn)
 S - the cursed +0 pair of gloves "Nihiwno Goog" (melded) {rF++, (Curse: *Slow)}
   (You found it on level 4 of the Lair of Beasts)

   It greatly protects you from fire.
   It has a curse placed upon it.
   { (Curse: *Slow)}
Magical Staves
 v - a +9 menacing staff of earth
Jewellery
 a - an amulet of the acrobat (around neck)
 d - an uncursed ring of fire
 e - a ring of slaying (left hand)
 p - a ring of wizardry (right hand)
 H - an uncursed ring of ice
 K - the ring "Alisivoi" {rF- rN+ Int+2 +Vis}
   (You found it on level 3 of the Swamp)

   [ring of positive energy]

   It affects your intelligence (+2).
   It makes you vulnerable to fire.
   It protects you from negative energy.
   It improves your vision.
 O - an uncursed ring of ice
 U - an uncursed ring of evasion
 V - an uncursed ring of fire
 Y - the ring "Odovesch" {rPois rF- MR+ Dex+4 Slay+2}
   (You took it off a naga on level 1 of the Snake Pit)

   [ring of poison resistance]

   It affects your dexterity (+4).
   It affects your accuracy and damage with ranged weapons and melee attacks
   (+2).
   It makes you vulnerable to fire.
   It protects you from poison.
   It affects your resistance to hostile enchantments.
Wands
 x - a wand of disintegration (11)
 y - a wand of iceblast (48)
 F - a wand of acid (36)
 G - a wand of enslavement (15)
 J - a wand of polymorph (25)
 Z - a wand of hasting (17)
Scrolls
 h - 3 scrolls of fog
 j - 2 scrolls of blinking
 k - 11 scrolls of amnesia
 l - a scroll of enchantment
 n - 2 scrolls of summoning
 o - 10 scrolls of teleportation
 t - a scroll of fear
 w - 2 scrolls of holy word
 z - 3 scrolls of acquirement
 B - 2 scrolls of magic mapping
 I - 6 scrolls of bless item
 M - 7 scrolls of immolation
Potions
 c - 12 potions of curing
 f - 6 potions of brilliance
 i - 9 potions of might
 q - 3 potions of agility
 r - 5 potions of haste
 A - 4 potions of invisibility
 C - 2 potions of cure mutation
 E - 7 potions of heal wounds
 N - 4 potions of berserk rage
 P - 2 potions of ambrosia
 Q - 2 potions of lignification
 R - 5 potions of cancellation
 T - 2 potions of resistance
 X - 2 potions of magic
Comestibles
 b - 55 rations
 D - a chunk of flesh


   Skills:
 - Level 17.0 Fighting
 * Level 11.2 Dodging
 - Level 4.0 Stealth
 + Level 14.6 Shields
 - Level 18.0 Unarmed Combat
 + Level 14.3 Spellcasting
 - Level 2.0 Hexes
 + Level 14.8 Transmutations
 - Level 1.0 Fire Magic
 * Level 1.9 Earth Magic
 - Level 6.3 Poison Magic
 - Level 11.7 Invocations


You had 15 spell levels left.
You knew the following spells:

 Your Spells              Type           Power        Failure   Level  Hunger
a - Beastly Appendage     Tmut           50 (50)      0%          1    None
b - Sticks to Snakes      Tmut           58 (100)     0%          2    None
c - Snakes to Sticks      Hex/Tmut       75 (100)     1%          3    None
d - Ignite Poison         Fire/Tmut      39 (100)     1%          3    None
e - Blade Hands           Tmut           58 (200)     1%          5    ####...
f - Eringya's Noxious Bo  Tmut/Pois      48 (200)     1%          6    ######.
g - Dragon Form           Tmut           58 (200)     1%          7    #######
h - Statue Form           Tmut/Erth      40 (150)     3%          6    ######.

Your spell library contained the following spells:

 Spells                   Type           Power        Failure   Level  Hunger
 Flame Tongue             Fire           15 (30)      1%          1    None
 Summon Butterflies       Summ           12 (100)     1%          1    None
 Sublimation of Blood     Necr           12 (200)     1%          2    None
 Scorpion Form            Tmut/Pois      48 (200)     1%          3    None
 Ice Form                 Ice/Tmut       37 (100)     1%          4    #......
 Leda's Liquefaction      Tmut/Erth      40 (200)     1%          4    #......
 Petrify                  Tmut/Erth      40 (100)     1%          4    #......
 Irradiate                Tmut/Pois      48 (200)     1%          5    ####...
 Call Canine Familiar     Summ           12 (100)     2%          3    None
 Cause Fear               Hex            43 (200)     3%          4    #......
 Summon Mana Viper        Summ/Pois      22 (100)     4%          5    ####...
 Summon Spider Mount      Summ/Pois      22 (200)     4%          5    ####...
 Summon Ice Beast         Ice/Summ       12 (100)     7%          4    #......
 Poison Arrow             Pois           33 (200)     8%          6    ######.
 Bolt of Magma            Fire/Erth      17 (200)     10%         5    ####...
 Iron Shot                Erth           18 (200)     34%         6    ######.
 Tunneling                Erth           18 (200)     34%         6    ######.
 Bolt of Fire             Fire           15 (200)     45%         6    ######.
 Bolt of Cold             Ice            12 (200)     58%         6    ######.
 Freezing Cloud           Ice/Air        12 (200)     58%         6    ######.
 Ozocubu's Refrigeration  Ice            12 (200)     58%         6    ######.
 Simulacrum               Ice/Necr       12 (200)     58%         6    ######.
 Chain Lightning          Air            12 (200)     100%        8    #######
 Lehudib's Crystal Spear  Erth           18 (200)     100%        8    #######
 Dragon's Call            Summ           12 (200)     100%        9    #######
 Fire Storm               Fire           15 (200)     100%        9    #######
 Glaciate                 Ice            12 (200)     100%        9    #######
 Shatter                  Erth           18 (200)     100%        9    #######


Dungeon Overview and Level Annotations

Branches:
Dungeon (8/8)              Temple (1/1) D:4            Lair (6/6) D:5
  Swamp (4/4) Lair:4        Snake (4/4) Lair:2        Slime (0/5) Lair:6
    Orc (2/2) D:6             Elf (1/3) Orc:2        Vaults (0/5) D:7
 Depths (0/5) D:8         Volcano (visited)

Altars:
Ashenzari Bahamut & Tiamat
Cheibriados
Dithmenos
Elyvilon
Fedhas Madash
Gozag Ym Sagoz
Hepliaklqana
Kikubaaqudgha
Nemelex Xobeh
Okawaru
Qazlal
Ru
Sif Muna
Trog
Uskayaw
Vehumet
Wu Jian
Xom
Yredelemnul
Zin
The Shining One
Jiyva

Shops:
Orc:2 }%[}*   Snake:3 !

Annotations:
D:8 2 runed translucent doors


Innate Abilities, Weirdness & Mutations

You cannot fit into any form of body armour.
((Your rich purple scales are resilient. (AC +11)))
You can breathe metallic splinters.
Your large and strong wings let you fly indefinitely.
You are cold-blooded and may be slowed by cold attacks.
You are naturally skilled at Unarmed Combat (Aptitude +3).
You are naturally adept at Maces & Staves (Aptitude +5).
You are naturally skilled at Dodging (Aptitude +3).
You are strongly in touch with the powers of hexes.
Your rich purple scales protect you from hostile magic. (MR++)
You are resistant to electric shocks. (rElec)


Message History

The +2 halberd of freezing hits you but does no damage.
You block the small abomination's attack.
The deep elf death mage is empowered by something's aura!
The deep elf knight is empowered by something's aura!
Something hits you (1).
* * * LOW HITPOINT WARNING * * *
The small abomination engulfs you in a gooey mixture of blood and acidic bile (18)!!
* * * LOW HITPOINT WARNING * * *
You are splashed with acid (7)!
* * * LOW HITPOINT WARNING * * *
The +2 halberd of freezing hits you from afar (8)!
* * * LOW HITPOINT WARNING * * *
The +2 halberd of freezing freezes you (1).
* * * LOW HITPOINT WARNING * * *
Unknown command.
Something hits you (11)!
* * * LOW HITPOINT WARNING * * *
You block the deep elf knight's attack. Something hits you but does no damage.
The +2 halberd of freezing hits you from afar (11)!
You die...

##..## ##)...## #......##
##########.......+
#........*.......+
#..#...e)o.......#
#..####x(#..e....####+###
#..# #.e##.*..o........#
##''##
#.8###*...X........
##....###..#
##+###........
#......##..# +.X......
#.......#..# +........
#.......#..# #...e*...
#.......#..##.# ##......#
#.......'.....#. ###.eo..
#.......'....... ##......
#.......#.###.## #.......


You could see a deep elf death mage, a deep elf knight, an orc warrior, a small
abomination, a lost soul and a +2 halberd of freezing.

Vanquished Creatures
  Mara (Swamp:3)
  Saint Roka (Orc:2)
  Vashnia (Snake:2)
  Jorgrun (Elf:1)
  A lich (Abyss:2)
  Gastronok (Orc:1)
  2 tentacled starspawn (Abyss:2)
  Circe (D:8)
  Donald (Swamp:2)
  9 nagarajas
  Roxanne (Swamp:1)
  A balrug (Abyss:2)
  A reaper (Abyss:2)
  Azrael (D:8)
  2 green deaths (Snake:1)
  Snorg (Lair:3)
  3 fire dragons
  Nessos (D:8)
  A mummy priest (Lair:2)
  Josephine (Lair:5)
  Erolcha (D:5)
  17 naga warriors
  5 sphinx moths
  A great orb of eyes (D:8)
  3 boulder beetles
  A catoblepas (D:7)
  A yaktaur captain (D:8)
  An ogre mage (D:7)
  21 alligators
  16 naga sharpshooters
  9 shock serpents
  A deep elf knight (Elf:1)
  An orc high priest (Orc:2)
  A swooping magpie (Lair:5)
  A vault guard (D:7)
  2 unseen horrors
  11 swamp dragons
  5 lindwurms
  Nergalle (Lair:4)
  6 two-headed ogres
  5 salamander mystics
  12 naga ritualists
  A tengu warrior (D:7)
  5 spriggan druids (Swamp:4)
  6 orc knights
  9 anacondas
  2 shambling mangroves
  A deep elf archer (Elf:1)
  27 hydras
  4 dancing weapons (Elf:1)
  6 centaur warriors
  A skeletal warrior (D:7)
  A sixfirhy (Abyss:2)
  A sun demon (Abyss:2)
  7 spriggans
  8 guardian serpents (Snake:4)
  2 deep elf magi (Elf:1)
  9 death yaks
  3 orc sorcerers
  21 naga magi
  2 manticores
  13 salamanders
  3 molten gargoyles (Lair:6)
  2 oklob plants
  12 giraffes
  A gargoyle (D:6)
  Maurice (D:5)
  35 black mambas
  8 mana vipers
  A hellion (Abyss:2)
  16 spiny frogs
  7 ugly things
  23 elephants
  A smoke demon (Abyss:2)
  2 wolf spiders
  2 kobold demonologists
  3 yaktaurs (D:8)
  5 trolls
  7 bog bodies
  16 komodo dragons
  A rime drake (Lair:6)
  11 tyrant leeches
  An ancient zyme (Snake:4)
  A red devil (Abyss:2)
  2 small abominations (Abyss:2)
  10 hornets
  3 wraiths (Lair:5)
  Prince Ribbit (D:2)
  3 raiju
  A polar bear (Lair:6)
  20 blink frogs
  3 vampires
  8 wyverns
  A chaos elemental (Abyss:2)
  A neqoxec (Abyss:2)
  3 shadows
  A water elemental (Elf:1)
  8 cyclopes
  4 fire elementals (D:8)
  A hippogriff (D:6)
  A human (D:8)
  3 hogs (D:8)
  An acid dragon (D:8)
  74 nagas
  2 basilisks (Lair:6)
  3 guardian mummies
  21 yaks
  3 redbacks
  17 vampire mosquitoes
  26 slime creatures
  2 hungry ghosts (D:6)
  A wolf spider zombie (D:7)
  33 swamp worms
  6 wargs
  An earth elemental (Elf:1)
  12 insubstantial wisps
  A necrophage (D:4)
  An anaconda skeleton (Abyss:2)
  21 water moccasins
  8 hell hounds
  49 orc warriors
  11 swamp drakes
  14 porcupines
  10 scorpions
  5 ice beasts
  26 wolves
  3 black bears
  A boggart (D:8)
  11 ogres
  15 crocodiles
  2 big kobolds
  A meliai zombie (D:4)
  5 starcursed masses (Abyss:2)
  30 bullfrogs
  A gnoll sergeant (D:5)
  A redback simulacrum (D:8)
  16 centaurs
  A harpy skeleton (D:7)
  A howler monkey (D:6)
  7 killer bees (D:5)
  5 wights
  2 electric eels
  A hornet zombie (D:7)
  5 lava snakes (Lair:6)
  A crimson imp (D:4)
  24 orc priests
  4 hounds
  6 jellies
  33 orc wizards
  A hornet simulacrum (D:7)
  3 mummies (D:4)
  8 worker ants
  A water moccasin skeleton (D:5)
  A wyvern skeleton (D:5)
  11 giant cockroaches
  5 bullfrog zombies
  4 bullfrog skeletons
  A porcupine skeleton (D:4)
  A shadow imp (D:4)
  14 adders
  8 gnolls
  28 sewer rats (D:2)
  2 white imps
  8 cinder newts (D:2)
  A worm (D:2)
  2 hound zombies (D:4)
  2 ufetubi (Abyss:2)
  A worker ant zombie (D:4)
  A hound skeleton (D:5)
  4 dart slugs (D:1)
  3 leopard geckos
  93 orcs
  3 adder skeletons
  5 adder zombies
  3 ball pythons
  A cinder newt skeleton (D:2)
  5 goblins
  6 hobgoblins
  4 jackals (D:4)
  3 quokkas
  4 bats (D:1)
  A hobgoblin skeleton (D:2)
  16 kobolds
  A kobold skeleton (D:2)
  2 leopard gecko zombies (D:4)
  A quokka zombie (D:5)
  5 rats
  A rat skeleton (D:2)
  A fungus (Lair:6)
  2 starspawn tentacles (Abyss:2)
  A withered plant (D:2)
1308 creatures vanquished.

Vanquished Creatures (others)
  3 guardian serpents
  3 deep elf magi (Elf:1)
  A mana viper (Snake:2)
  A tyrant leech (Swamp:4)
  3 nagas
  A giant cockroach (D:2)
  A bullfrog skeleton (D:6)
  An ooze (D:2)
  3 orcs
  4 bushes
  4 fungi
  10 giant blowflies
  4 plants
  43 rainbow trout
  33 withered plants (D:2)
115 creatures vanquished.

Grand Total: 1423 creatures vanquished

Notes
Turn   | Place    | Note
-------+----------+-------------------------------------------
     0 | D:1      | st0uf the Immature Draconian Transmuter began the quest for
                  | the Orb.
     0 | D:1      | Reached XP level 1. HP: 16/16 MP: 4/4
    68 | D:1      | Reached skill level 3 in Unarmed Combat
    68 | D:1      | Reached XP level 2. HP: 23/23 MP: 5/5
   181 | D:1      | Reached XP level 3. HP: 28/28 MP: 7/7
   456 | D:1      | Reached XP level 4. HP: 32/35 MP: 7/9
   846 | D:2      | Reached skill level 4 in Unarmed Combat
   880 | D:2      | Reached XP level 5. HP: 40/40 MP: 10/10
  1077 | D:2      | Reached XP level 6. HP: 47/47 MP: 12/12
  1208 | D:2      | Reached skill level 5 in Unarmed Combat
  1325 | D:2      | Your scales start taking on a lurid green colour.
  1325 | D:2      | Reached XP level 7. HP: 56/56 MP: 13/13
  1325 | D:2      | Gained mutation: Your rich purple scales protect you from
                  | hostile magic. (MR++) [Green Draconian growth]
  1325 | D:2      | Gained mutation: You are strongly in touch with the powers
                  | of hexes. [Green Draconian growth]
  1696 | D:2      | Reached skill level 6 in Unarmed Combat
  1858 | D:2      | Reached skill level 5 in Spellcasting
  1866 | D:2      | Noticed Prince Ribbit
  1871 | D:2      | Reached XP level 8. HP: 59/63 MP: 13/15
  1899 | D:2      | Killed Prince Ribbit
  2204 | D:3      | Found a sacrificial altar of Ru.
  2258 | D:3      | Learned a level 2 spell: Sticks to Snakes
  2287 | D:3      | Reached skill level 7 in Unarmed Combat
  2517 | D:3      | Found a white marble altar of Elyvilon.
  2560 | D:3      | Found a blossoming altar of Fedhas.
  2868 | D:3      | Found a stormy altar of Qazlal.
  2868 | D:3      | Found an iron altar of Okawaru.
  3133 | D:4      | Found a staircase to the Ecumenical Temple.
  3143 | D:4      | Found a snail-covered altar of Cheibriados.
  3145 | Temple   | Entered the Ecumenical Temple
  3412 | D:4      | Reached XP level 9. HP: 53/73 MP: 15/18
  3415 | D:4      | Reached skill level 5 in Fighting
  3421 | D:4      | Reached skill level 1 in Stealth
  3421 | D:4      | Reached skill level 8 in Unarmed Combat
  3697 | D:4      | Identified a scroll of acquirement
  4173 | D:4      | Reached skill level 5 in Transmutations
  4196 | D:4      | Reached skill level 9 in Unarmed Combat
  4418 | D:5      | Entered Level 5 of the Dungeon
  4424 | D:5      | Gained mutation: You are naturally skilled at Maces &
                  | Staves (Aptitude +3). [draconic bloodline]
  4424 | D:5      | Reached XP level 10. HP: 83/83 MP: 20/20
  4463 | D:5      | HP: 3/84 [something/vampiric draining (6)]
  4465 | D:5      | HP: 1/84 [something/vampiric draining (2)]
  4702 | D:5      | Found a staircase to the Lair.
  4908 | D:5      | Reached skill level 10 in Unarmed Combat
  5107 | D:5      | Learned a level 3 spell: Snakes to Sticks
  5242 | D:5      | Found an ornate altar of Bahamut and Tiamat.
  5242 | D:5      | Identified the cursed ring of Tub Rege {rPois rF+, (Curse:
                  | *Corrode)}
  5249 | D:5      | Became a worshipper of Bahamut & Tiamat
  5363 | D:5      | Noticed a two-headed ogre
  5372 | D:5      | Killed a two-headed ogre
  5372 | D:5      | Reached skill level 1 in Invocations
  5426 | D:5      | Noticed Erolcha
  5442 | D:5      | Killed Erolcha
  5442 | D:5      | Reached XP level 11. HP: 94/94 MP: 23/23
  5546 | D:5      | Reached * piety under Bahamut & Tiamat
  5668 | D:5      | Noticed Maurice
  5688 | D:5      | Killed Maurice
  5823 | Lair:1   | Entered Level 1 of the Lair of Beasts
  5877 | Lair:1   | Reached skill level 11 in Unarmed Combat
  5899 | Lair:1   | Noticed a seven-headed hydra
  5905 | Lair:1   | Killed a seven-headed hydra
  6130 | Lair:1   | Reached ** piety under Bahamut & Tiamat
  6778 | Lair:2   | Found a staircase to the Snake Pit.
  6847 | Lair:2   | Found a dark tunnel.
  6854 | Volcano  | Entered a volcano
  6889 | Volcano  | Noticed a two-headed ogre
  6893 | Volcano  | Killed a two-headed ogre
  6897 | Volcano  | Noticed a two-headed ogre
  6904 | Volcano  | Killed a two-headed ogre
  6936 | Volcano  | Reached skill level 10 in Fighting
  6997 | Volcano  | Noticed a lindwurm
  7000 | Volcano  | Killed a lindwurm
  7074 | Lair:2   | Noticed a boulder beetle
  7085 | Lair:2   | Killed a boulder beetle
  7085 | Lair:2   | Reached skill level 12 in Unarmed Combat
  7085 | Lair:2   | Gained mutation: You are naturally skilled at Dodging
                  | (Aptitude +3). [draconic bloodline]
  7085 | Lair:2   | Reached XP level 12. HP: 69/106 MP: 16/25
  7173 | Lair:2   | Reached *** piety under Bahamut & Tiamat
  7198 | Lair:2   | Learned a level 3 spell: Ignite Poison
  7204 | Lair:2   | Learned a level 5 spell: Blade Hands
  7501 | Lair:2   | Learned a level 6 spell: Eringya's Noxious Bog
  7513 | Lair:2   | Noticed a mummy priest
  7516 | Lair:2   | Noticed a jiangshi
  7589 | Lair:2   | Killed a mummy priest
  7589 | Lair:2   | Reached skill level 1 in Poison Magic
  7589 | Lair:2   | Reached skill level 5 in Invocations
  8232 | Lair:3   | Reached skill level 10 in Spellcasting
  8258 | Lair:3   | Reached **** piety under Bahamut & Tiamat
  8299 | Lair:3   | Noticed Snorg
  8308 | Lair:3   | Killed Snorg
  8520 | Lair:3   | Gained mutation: You are strongly in touch with the powers
                  | of hexes. [Green Draconian growth]
  8520 | Lair:3   | Reached XP level 13. HP: 94/118 MP: 27/27
  9106 | Lair:4   | Reached skill level 10 in Transmutations
  9108 | Lair:4   | Reached ***** piety under Bahamut & Tiamat
  9289 | Lair:4   | Noticed Nergalle
  9299 | Lair:4   | Killed Nergalle
  9349 | Lair:4   | Reached skill level 5 in Poison Magic
  9603 | Lair:4   | Found a staircase to the Swamp.
  9786 | Lair:4   | Identified the cursed +0 pair of gloves "Nihiwno Goog"
                  | {rF++, (Curse: *Slow)}
 10282 | Lair:5   | Noticed Josephine
 10307 | Lair:5   | Killed Josephine
 10654 | Lair:5   | Identified the +11 buckler of the Merchant {rF+}
 11216 | Lair:6   | Entered Level 6 of the Lair of Beasts
 11224 | Lair:6   | Gained mutation: You are naturally skilled at Unarmed
                  | Combat (Aptitude +3). [draconic bloodline]
 11224 | Lair:6   | Reached skill level 15 in Unarmed Combat
 11224 | Lair:6   | Reached XP level 14. HP: 98/129 MP: 22/29
 11383 | Lair:6   | Reached ****** piety under Bahamut & Tiamat
 11390 | Lair:6   | Received a gift from Bahamut & Tiamat
 11400 | Lair:6   | Learned a level 7 spell: Dragon Form
 11442 | Lair:6   | Reached skill level 1 in Shields
 11556 | Lair:6   | Found a viscous altar of Jiyva.
 11556 | Lair:6   | Found a staircase to the Slime Pits.
 11568 | Lair:6   | Reached skill level 1 in Hexes
 12087 | Lair:6   | Reached skill level 16 in Unarmed Combat
 12262 | Lair:6   | Found a large runed translucent door.
 12263 | Lair:6   | Found a large runed translucent door.
 13092 | D:6      | Found a staircase to the Orcish Mines.
 14717 | D:7      | Gained mutation: You are naturally adept at Maces & Staves
                  | (Aptitude +5). [draconic bloodline]
 14717 | D:7      | Reached XP level 15. HP: 116/139 MP: 25/31
 14809 | D:7      | Found a gate to the Vaults.
 15116 | D:8      | Entered Level 8 of the Dungeon
 15249 | D:8      | Found a runed translucent door.
 15254 | D:8      | Found a runed translucent door.
 15273 | D:8      | Noticed Azrael
 15310 | D:8      | Killed Azrael
 15310 | D:8      | Reached skill level 15 in Fighting
 15748 | D:8      | Found the +7 Spriggan's Knife {stab, EV+4 Stlth+}
 16063 | D:8      | Noticed Nessos
 16074 | D:8      | Killed Nessos
 16237 | D:8      | Found a staircase to the Depths.
 16373 | D:8      | Noticed Circe
 16469 | Orc:1    | Entered Level 1 of the Orcish Mines
 16568 | Orc:1    | Noticed Gastronok
 16671 | Orc:1    | Killed Gastronok
 16765 | Orc:1    | Identified the cursed ring of Ubbezei {rN+ Stlth+, (Curse:
                  | *Tele *Drain Fragile)}
 16824 | Orc:2    | Entered Level 2 of the Orcish Mines
 16824 | Orc:2    | Found Iskiz Lik's Gadget Boutique.
 16986 | Orc:2    | Gained mutation: You are resistant to electric shocks.
                  | (rElec) [potion of mutation]
 17358 | Orc:2    | Found a staircase to the Elven Halls.
 17526 | Orc:2    | Noticed Saint Roka
 17847 | Orc:2    | Killed Saint Roka
 18183 | Orc:2    | Found Doakar's Antique Armour Emporium.
 18183 | Orc:2    | Found Uwkausu's Gadget Shop.
 18185 | Orc:2    | Found Biankote's General Store.
 18187 | Orc:2    | Found Teemnen's Food Shoppe.
 18201 | Orc:2    | Bought the +2 hat of the Bear Spirit {Spirit, +Rage rN+
                  | MR++} for 977 gold pieces
 18201 | Orc:2    | Found the +2 hat of the Bear Spirit {Spirit, +Rage rN+
                  | MR++}
 18879 | D:8      | Killed Circe
 19111 | Swamp:1  | Entered Level 1 of the Swamp
 19135 | Lair:4   | Reached XP level 16. HP: 135/149 MP: 30/33
 19173 | Swamp:1  | Reached skill level 10 in Poison Magic
 19205 | Swamp:1  | Reached skill level 10 in Invocations
 19251 | Swamp:1  | Reached skill level 10 in Dodging
 19402 | Swamp:1  | Noticed Roxanne
 19465 | Swamp:1  | Identified the ring "Luustiami" {+Inv rPois MP+9 Str-4
                  | Slay+5}
 19566 | Swamp:1  | Killed Roxanne
 19576 | Swamp:1  | Learned a level 6 spell: Statue Form
 19577 | Swamp:1  | Your scales start taking on a slimy lime-green colour.
 19577 | Swamp:1  | Reached XP level 16. HP: 114/149 MP: 30/33
 19656 | Swamp:1  | Reached skill level 5 in Shields
 19937 | Swamp:2  | Reached skill level 17 in Unarmed Combat
 20572 | Swamp:3  | Noticed Donald
 20580 | Swamp:3  | Noticed Mara
 20599 | Swamp:2  | Killed Donald
 20755 | Swamp:3  | Killed Mara
 20755 | Swamp:3  | Reached skill level 1 in Earth Magic
 20881 | Swamp:3  | Reached XP level 17. HP: 137/159 MP: 29/34
 20931 | Swamp:3  | Identified the ring "Alisivoi" {rF- rN+ Int+2 +Vis}
 21363 | Swamp:4  | Entered Level 4 of the Swamp
 21382 | Swamp:4  | Identified the cursed ring "Qokot" {MR+ Dex+5, (Curse:
                  | Fragile)}
 21422 | Swamp:4  | Reached skill level 1 in Fire Magic
 21679 | Swamp:4  | Your scales start taking on an empereal azure colour.
 21679 | Swamp:4  | Reached XP level 17. HP: 153/160 MP: 35/35
 21681 | Swamp:4  | Your scales start taking on a shadowy dark colour.
 21681 | Swamp:4  | Reached XP level 17. HP: 154/160 MP: 32/35
 21683 | Swamp:4  | Your scales start taking on a slimy lime-green colour.
 21683 | Swamp:4  | Reached XP level 17. HP: 155/160 MP: 29/35
 21815 | Swamp:4  | Reached skill level 18 in Unarmed Combat
 21978 | Swamp:4  | Got a decaying rune of Zot
 22308 | Snake:1  | Entered Level 1 of the Snake Pit
 22975 | Snake:1  | Found a runed translucent door.
 23318 | Snake:1  | Identified the ring "Odovesch" {rPois rF- MR+ Dex+4 Slay+2}
                  | (You took it off a naga on level 1 of the Snake Pit)
 23559 | Snake:2  | Noticed Vashnia
 23580 | Snake:2  | Killed Vashnia
 23598 | Snake:2  | Gained mutation: Your large and strong wings let you fly
                  | indefinitely. [Lime Draconian growth]
 23598 | Snake:2  | Reached XP level 18. HP: 169/169 MP: 34/36
 23642 | Snake:2  | Reached skill level 10 in Shields
 24281 | Snake:3  | Found Tostrat's Distillery.
 24891 | Snake:4  | Entered Level 4 of the Snake Pit
 25986 | Snake:4  | Identified the cursed amulet of Wiakh {Spirit Str+4 Int-5
                  | Slay+3, (Curse: *Tele *Drain Fragile)}
 25994 | Snake:4  | Cast into level 2 of the Abyss (naga warrior)
 26204 | Snake:4  | Escaped the Abyss
 26214 | Snake:4  | Reached XP level 19. HP: 142/177 MP: 22/37
 26671 | Snake:4  | Identified the cursed ring "Pomiffose" {rPois rC++ EV+5
                  | Str-5 +Vis, (Curse: Fragile)}
 26770 | Snake:4  | Got a serpentine rune of Zot
 27197 | Elf:1    | Entered Level 1 of the Elven Halls
 27198 | Elf:1    | Your scales start taking on a rich purple colour.
 27198 | Elf:1    | Reached XP level 19. HP: 177/177 MP: 37/37
 27273 | Elf:1    | Noticed Jorgrun
 27278 | Elf:1    | Killed Jorgrun
 27442 | Elf:1    | Identified the cursed ring "Nelug" {rC+ rN+ Stlth+, (Curse:
                  | Fragile -Vis MR-)}
 27475 | Elf:1    | HP: 6/230 [something (9)]
 27475 | Elf:1    | Slain by a +2 halberd of freezing

Levels and vault maps discovered:
D:1:      lemuel_arrival_lava_pool, layout_loops_ring, minmay_misc_feat_iff
D:2:      layout_sewer, sewer_frog_pond, first_ration
D:3:      layout_gridville, nicolae_ru_great_annihilating_truth,
          bcadren_lemuel_inverted_doored_altar, fedhas_bush_and_centaur_altar,
          gammafunk_temple_overflow_elements
D:4:      ossuary_crypta, layout_basic, cheibriados_altar_1,
          minmay_temple_entry_proselytizer, bcadren_nooodl_food_pyramid
D:5:      layout_loops_corners, kennysheep_little_box,
          erik_lair_orcish_takeover, uniq_erolcha, uniq_maurice
D:6:      layout_layer_cave, erik_orc_3
D:7:      layout_basic, david_vaults_5, chequers_serial_rivers_micro_e
D:8:      grunt_enter_depths_snipers, layout_irregular_city, grunt_tough_drop,
          uniq_azrael, uniq_circe, uniq_nessos
Temple:   eino_wide_crystal_templ
Lair:1:   layout_cave_pods
Lair:2:   layout_misc_corridors, minmay_snake_entry_guardpost_small,
          nicolae_volcano_entry_s_turn, minivault_27,
          chequers_ossuary_entry_cave
Lair:3:   layout_long_grid, infiniplex_staircase_pool_2, grunt_megastairs_1,
          uniq_snorg
Lair:4:   layout_cave_pods, swamp_mist_pool, grunt_megastairs_2, uniq_nergalle
Lair:5:   layout_gridlike, lemuel_fruit_fields, uniq_josephine
Lair:6:   cheibrodos_lair_end_hotspot, layout_gridlike, slime_island,
          grunt_megastairs_4
Swamp:1:  layout_basic_swamp, evilmike_swamp_ruin_house_6, uniq_roxanne
Swamp:2:  layout_falls_marsh, evilmike_swamp_ruin_house_4, swamp_pool1
Swamp:3:  layout_basic_swamp, evilmike_swamp_ruin_rubble_1,
          infiniplex_staircase_pool, uniq_mara, uniq_donald
Swamp:4:  swamp_alternative, layout_basic_swamp, swamp_pool4
Snake:1:  cheibrodos_toxic_ritual, layout_grid_maze
Snake:2:  layout_misc_corridors, uniq_vashnia
Snake:3:  layout_honeycomb, serial_shops, nicolae_shop_crystal
Snake:4:  johnstein_snake_rune_scales, layout_cave_town,
          nrook_guardian_serpent_double, lemuel_fruit_tree
Orc:1:    layout_caves, uniq_gastronok
Orc:2:    st_orc_rangers, layout_caves, serial_shops, shop,
          nicolae_orc_flooded_monolith, uniq_saint_roka
Elf:1:    minmay_elf_crystal_heptagon, layout_gridlike, serial_shops,
          nicolae_shop_trees, orc_legates, grunt_ministairs_2, uniq_jorgrun

Skill      XL: |  1  2  3  4  5  6  7  8  9 10 11 12 13 14 15 16 17 18 19 |
---------------+----------------------------------------------------------+-----
Unarmed Combat | 3 4 5 6 7 9 10 12 15 16 17 18 | 18.0
Spellcasting   | 3 4 5 6 7 8 9 10 11 12 13 14 | 14.3
Dodging        | 2 3 4 6 8 9 10 11 | 11.2
Transmutations | 2 3 4 5 6 8 9 11 13 20 21 14 | 14.8
Fighting       | 2 3 4 6 8 10 12 13 14 15 16 17 | 17.0
Stealth        | 1 2 4 |  4.0
Invocations    | 1 4 6 7 8 9 11 | 11.7
Poison Magic   | 3 6 8 9 6 |  6.3
Shields        | 3 4 5 9 13 14 | 14.6
Hexes          | 1 2 |  2.0
Earth Magic    | 1 |  1.9
Fire Magic     | 1 |  1.0

Action                   |  1- 3 |  4- 6 |  7- 9 | 10-12 | 13-15 | 16-18 | 19-21 || total
-------------------------+-------+-------+-------+-------+-------+-------+-------++-------
Melee: Unarmed           |    77 |   397 |   433 |   702 |  1292 |   874 |    98 ||  3873
       Headbutt          |     1 |     5 |     7 |    11 |    96 |     6 |       ||   126
       Tailslap          |     2 |    13 |    20 |    38 |   168 |    76 |     7 ||   324
       Kick              |     1 |     7 |       |       |       |       |       ||     8
       Bite              |       |       |       |       |       |     4 |       ||     4
 Cast: Beastly Appendage |     3 |    11 |     7 |     7 |    39 |     5 |       ||    72
       Blade Hands       |       |       |       |     5 |       |       |       ||     5
       Ignite Poison     |       |       |       |     3 |    14 |     4 |       ||    21
       Snakes to Sticks  |       |       |       |       |     7 |       |       ||     7
       Sticks to Snakes  |       |       |       |       |     5 |       |       ||     5
       Eringya's Noxious |       |       |       |       |     1 |     1 |     1 ||     3
       Statue Form       |       |       |       |       |       |    45 |     8 ||    53
       Dragon Form       |       |       |       |       |       |     3 |       ||     3
Invok: Choose Bahamut's  |       |       |       |     1 |       |       |       ||     1
       Choose Bahamut's  |       |       |       |     1 |       |       |       ||     1
       Choose Bahamut's  |       |       |       |     1 |       |       |       ||     1
       Choose Bahamut's  |       |       |       |       |     1 |       |       ||     1
       Choose Tiamat's T |       |       |       |       |     1 |       |       ||     1
       Receive Book of t |       |       |       |       |     1 |       |       ||     1
       Enhanced Breath   |       |       |       |       |     2 |    10 |       ||    12
       Change Draconian  |       |       |       |       |       |     5 |     1 ||     6
 Abil: Breathe Noxious F |       |       |       |     3 |    24 |       |       ||    27
       Breathe Metal Spl |       |       |       |       |       |     2 |     2 ||     4
       Breathe Acid      |       |       |       |       |       |     1 |       ||     1
  Use: Potion            |       |       |       |     1 |     2 |     1 |       ||     4
       Scroll            |       |       |       |       |     1 |     3 |    11 ||    15
 Stab: Sleeping          |       |     1 |     1 |     6 |     7 |     6 |       ||    21
       Petrified         |       |       |     2 |       |     1 |       |       ||     3
       Distracted        |       |       |     1 |     1 |     1 |     4 |       ||     7
       Confused          |       |       |       |     1 |    11 |     1 |       ||    13
       Petrifying        |       |       |       |       |     3 |       |       ||     3
  Eat: Chunk             |    17 |       |     6 |    16 |    33 |    33 |     2 ||   107
       Ration            |       |       |       |       |     2 |     5 |     2 ||     9
Armor: Skin              |    12 |    35 |    80 |    92 |   220 |   477 |    77 ||   993
Dodge: Dodged            |    11 |   113 |   127 |   217 |   457 |   679 |    92 ||  1696
Block: Buckler           |       |       |       |       |   391 |   189 |       ||   580
       Heater shield     |       |       |       |       |       |   270 |    65 ||   335
       Reflection        |       |       |       |       |       |    17 |       ||    17
